[Event "Titled Tuesday Blitz June 20 Early 2023"]
[White "Jovic, Stanoje"]
[Black "disciplinedbrat"]
[WhiteFideId "905020"]
[WhiteElo "2236"]
[BlackElo "2214"]
[Result "1-0"]
[Round "4"]
[TimeControl "180+2"]
[Date "2023.06.20"]
[WhiteClock "0:00:32"]
[BlackClock "0:00:03"]
[Board "186"]

1. c4 e5 2. g3 d5 3. cxd5 Qxd5 4. Nf3 Nc6 5. Nc3 Qd8 6. Bg2 Nf6 7. O-O h6 8. d3 Bd6 9. Rb1 O-O 10. a3 a5 11. h3 Be6 12. Be3 Qd7 13. Kh2 Rfe8 14. Rc1 Rad8 15. Qd2 Qc8 16. Rfd1 e4 17. dxe4 Bxg3+ 18. fxg3 Rxd2 19. Rxd2 Nd7 20. Bf2 Nde5 21. Nd5 f5 22. Nxe5 Bxd5 23. exd5 Nxe5 24. d6 c6 25. Bb6 Qd7 26. Bxa5 Re6 27. Bc7 Ng6 28. Rf1 Re3 29. Rxf5 Ne7 30. Rf3 Nf5 31. Rxf5 Re8 32. Rf4 g5 33. Re4 Re5 34. Rxe5 1-0


[Site "https://www.chess.com"]

[Event "Titled Tuesday Blitz June 20 Early 2023"]
[White "Andreev, Konstantin"]
[Black "Quirke, Jeffrey"]
[WhiteFideId "24239305"]
[BlackFideId "2013029"]
[WhiteElo "2106"]
[BlackElo "2206"]
[Result "1-0"]
[Round "4"]
[TimeControl "180+2"]
[Date "2023.06.20"]
[WhiteClock "0:01:54"]
[BlackClock "0:00:03"]
[Board "187"]

1. e4 Nf6 2. e5 Nd5 3. d4 d6 4. c4 Nb6 5. exd6 exd6 6. Nc3 Be7 7. Bd3 Nc6 8. Nge2 Bf6 9. Be3 O-O 10. a3 d5 11. c5 Nd7 12. Qc2 Nxc5 13. dxc5 d4 14. Bxh7+ Kh8 15. O-O-O dxe3 16. Rxd8 Rxd8 17. fxe3 g6 18. Rf1 Kg7 19. Ng3 Be6 20. Nce4 Be5 21. Ng5 Bd5 22. Bxg6 fxg6 23. Nf5+ gxf5 24. Qxf5 Rf8 25. Qh7# 1-0


[Site "https://www.chess.com"]

[Event "Titled Tuesday Blitz June 20 Early 2023"]
[White "Womacka, Mathias"]
[Black "Cueto, Jonny"]
[WhiteFideId "4611390"]
[BlackFideId "3300145"]
[WhiteElo "2377"]
[BlackElo "2240"]
[Result "1-0"]
[Round "4"]
[TimeControl "180+2"]
[Date "2023.06.20"]
[WhiteClock "0:00:20"]
[BlackClock "0:00:02"]
[Board "188"]

1. e4 e6 2. d4 d5 3. Nd2 h6 4. Ngf3 Nf6 5. Bd3 c5 6. exd5 Nxd5 7. O-O Be7 8. dxc5 Bxc5 9. Nb3 Bb6 10. Qe2 O-O 11. Qe4 Nf6 12. Qh4 Nc6 13. Rd1 Qe7 14. Bf4 Nb4 15. Bd6 Nxd3 16. Bxe7 Bxf2+ 17. Qxf2 Nxf2 18. Kxf2 Re8 19. Bxf6 gxf6 20. Rd6 e5 21. Rxf6 Kg7 22. Rd6 e4 23. Nfd4 h5 24. Re1 f5 25. Ke3 a5 26. a4 Rf8 27. Kf4 Kh7 28. Nc5 Rg8 29. Nce6 Rg4+ 30. Kxf5 Bxe6+ 31. Nxe6 Rxg2 32. Rxe4 Rxc2 33. Ng5+ Kg8 34. Rb6 Rxh2 35. Rxb7 Rf8+ 36. Kg6 Rg2 37. Ree7 Rc8 38. Rg7+ Kh8 39. Rh7+ Kg8 40. Rbg7+ Kf8 41. Rh8# 1-0


[Site "https://www.chess.com"]

[Event "Titled Tuesday Blitz June 20 Early 2023"]
[White "Rohde, Michael"]
[Black "Winkels, Marcel"]
[WhiteFideId "2000172"]
[BlackFideId "1003887"]
[WhiteElo "2274"]
[BlackElo "1900"]
[Result "1-0"]
[Round "4"]
[TimeControl "180+2"]
[Date "2023.06.20"]
[WhiteClock "0:01:39"]
[BlackClock "0:00:00"]
[Board "189"]

1. Nf3 Nf6 2. c4 g6 3. Nc3 d5 4. cxd5 Nxd5 5. Qa4+ Nc6 6. Ne5 Qd6 7. Nxc6 bxc6 8. g3 Bg7 9. Bg2 O-O 10. O-O Bd7 11. Ne4 Qb4 12. Qxb4 Nxb4 13. Nc5 Bf5 14. d3 Bd4 15. Nb3 Bg7 16. Bd2 a5 17. Bc3 e5 18. Nxa5 Nd5 19. Nxc6 Nxc3 20. bxc3 Ra3 21. Ne7+ Kh8 22. Nxf5 gxf5 23. Rfc1 e4 24. d4 Rfa8 25. Bh3 Rxa2 26. Rxa2 Rxa2 27. e3 f4 28. gxf4 Bf8 29. Bf5 1-0


[Site "https://www.chess.com"]

[Event "Titled Tuesday Blitz June 20 Early 2023"]
[White "Sariego Figueredo, Wilfredo"]
[Black "Bazilius, Augustinas"]
[WhiteFideId "3500080"]
[BlackFideId "12832251"]
[WhiteElo "2309"]
[BlackElo "1980"]
[Result "1/2-1/2"]
[Round "4"]
[TimeControl "180+2"]
[Date "2023.06.20"]
[WhiteClock "0:00:31"]
[BlackClock "0:00:02"]
[Board "190"]

1. d4 Nf6 2. Bf4 d6 3. e3 g6 4. c4 Bg7 5. Nc3 O-O 6. h4 h5 7. Nf3 Bg4 8. Be2 c6 9. Ng5 Bxe2 10. Qxe2 Nbd7 11. e4 e5 12. dxe5 dxe5 13. Be3 Qa5 14. O-O Nh7 15. Nxh7 Kxh7 16. Rfd1 Rfd8 17. Bg5 f6 18. Be3 Nc5 19. Rxd8 Rxd8 20. Rd1 Ne6 21. Rxd8 Qxd8 22. Na4 b6 23. Nc3 Bh6 24. Bxh6 Kxh6 25. Qe3+ Kg7 26. Ne2 Qd1+ 27. Kh2 Qc2 28. f4 exf4 29. Nxf4 Nxf4 30. Qxf4 Qxc4 31. Qc7+ Kh6 32. Qf4+ Kg7 33. Qc7+ Qf7 34. Qxc6 Qxa2 35. Qc7+ Qf7 36. Qd6 Qb7 37. e5 fxe5 38. Qxe5+ Kh7 39. b4 a6 40. Qd6 a5 41. bxa5 bxa5 42. Qa3 Qb4 43. Qe3 Qxh4+ 44. Kg1 Qd8 45. Qe4 Qc7 46. Qa4 Qb6+ 47. Kh2 Qd6+ 48. Kg1 Qb4 49. Qd7+ Kh6 50. Qe8 Qd4+ 51. Kh2 a4 52. Qf8+ Kg5 53. Qe7+ Kh6 54. Qf8+ Kh7 55. Qe7+ Qg7 56. Qa3 Qc7+ 57. Kg1 Qb6+ 58. Kh2 Kh6 59. Qf8+ Kg5 60. g3 Qb2+ 61. Kh3 Qf6 62. Qa3 Qf5+ 63. Kh2 Qd7 64. Qe3+ Kf6 65. Qf4+ Kg7 66. Qe5+ Kh7 67. Qc5 Qd2+ 68. Kh3 Qb2 69. Qe7+ Kh6 70. Qe3+ Kh7 71. Qa7+ Qg7 72. Qxa4 Qf7 73. Qb4 Qf5+ 74. Kg2 Kh6 75. Qd2+ Qg5 76. Qd4 Qf5 77. Qh8+ Kg5 78. Qd8+ Qf6 79. Qd2+ Kf5 80. Qd5+ Qe5 81. Qf7+ Kg5 82. Qa7 Qe4+ 83. Kh3 Qg4+ 84. Kg2 Qe2+ 85. Kh3 Kh6 86. Qb8 Qe6+ 87. Kg2 Qf6 88. Qc8 g5 89. Qg8 Qf5 90. Qh8+ Qh7 91. Qf6+ Qg6 92. Qh8+ Qh7 93. Qf6+ Qg6 94. Qh8+ Qh7 1/2-1/2


[Site "https://www.chess.com"]

[Event "Titled Tuesday Blitz June 20 Early 2023"]
[White "Blackwhite017"]
[Black "Principe, Alexander"]
[BlackFideId "3804542"]
[WhiteElo "2122"]
[BlackElo "2203"]
[Result "0-1"]
[Round "4"]
[TimeControl "180+2"]
[Date "2023.06.20"]
[WhiteClock "0:00:02"]
[BlackClock "0:01:30"]
[Board "191"]

1. e4 e6 2. d3 d5 3. Nd2 c5 4. Ngf3 Nc6 5. g3 Nge7 6. Bg2 g6 7. O-O Bg7 8. c3 O-O 9. h4 b6 10. Re1 Ba6 11. Nf1 dxe4 12. dxe4 Bd3 13. e5 Qd7 14. Bf4 Rfd8 15. Qb3 c4 16. Qa3 Nd5 17. Bg5 Bf8 18. Qa4 Rdb8 19. Ne3 b5 20. Qd1 Nxe3 21. Rxe3 Bc5 22. Re1 Rb7 23. Qc1 Re8 24. Bf6 Bf8 25. h5 Ne7 26. Qg5 Nd5 27. Nd4 b4 28. hxg6 fxg6 29. Bh3 bxc3 30. bxc3 Nxc3 31. Nxe6 Rxe6 32. Bxe6+ Qxe6 33. Re3 Nd5 34. Rf1 Nxe3 35. fxe3 c3 36. Rc1 c2 37. e4 Bc5+ 38. Kh2 Bxe4 39. Qd2 Rd7 40. Qa5 Qg4 41. Qxc5 Rd2+ 42. Kg1 Qxg3+ 43. Kf1 Qf3+ 44. Ke1 Qd1+ 45. Rxd1 cxd1=Q# 0-1


[Site "https://www.chess.com"]

[Event "Titled Tuesday Blitz June 20 Early 2023"]
[White "Heinemann, Josefine"]
[Black "Baruch, Liam"]
[WhiteFideId "12900460"]
[BlackFideId "14322064"]
[WhiteElo "2342"]
[BlackElo "2120"]
[Result "1-0"]
[Round "4"]
[TimeControl "180+2"]
[Date "2023.06.20"]
[WhiteClock "0:00:19"]
[BlackClock "0:00:12"]
[Board "192"]

1. c4 e6 2. Nf3 d5 3. g3 Nf6 4. Bg2 Be7 5. O-O O-O 6. d4 dxc4 7. Ne5 Nc6 8. Bxc6 bxc6 9. Nxc6 Qe8 10. Nxe7+ Qxe7 11. Na3 e5 12. dxe5 Qxe5 13. Nxc4 Qh5 14. f3 Re8 15. Qc2 Ba6 16. b3 Qc5+ 17. Kg2 Re6 18. Bb2 Rae8 19. e4 Bb7 20. Bxf6 Rxf6 21. Rae1 Qh5 22. Ne3 Rh6 23. Kg1 Ree6 24. Ng4 Rc6 25. Nxh6+ Qxh6 26. Qg2 Bc8 27. Rd1 Rd6 28. Rxd6 Qxd6 29. g4 Qd4+ 30. Qf2 Qd6 31. Qxa7 h5 32. gxh5 Bh3 33. Qf2 Bxf1 34. Kxf1 Qd1+ 35. Kg2 Qc1 36. a4 Qg5+ 37. Kh1 Qc1+ 38. Qg1 Qc3 39. Qf1 Qxb3 40. a5 Qa3 41. a6 Kh7 42. Kg2 c5 43. Kg3 Qa4 44. Qd3 c4 45. Qd6 c3 46. Qc7 c2 47. a7 Qa1 48. Qxc2 Qxa7 49. e5+ Kh6 50. Qf5 Qg1+ 51. Kh3 Qf1+ 52. Kh4 Qf2+ 53. Kg4 Qg2+ 54. Kf4 Qxh2+ 55. Ke3 Qxh5 56. Qxh5+ Kxh5 57. Kf4 Kg6 58. Kg4 f6 59. e6 f5+ 60. Kf4 Kf6 61. e7 g5+ 62. Ke3 Kxe7 63. Kd3 Ke6 64. Ke2 Kd6 65. Kd2 Kc5 66. Kc3 Kd5 67. Kd3 Ke6 68. Ke2 Kf6 69. Kf2 Kg6 70. Kg2 Kg7 71. Kg3 Kf6 72. Kf2 Ke5 73. Ke3 f4+ 74. Ke2 Kd4 75. Kd2 Kc4 76. Kc2 Kd5 77. Kd3 Ke5 78. Ke2 Kf5 79. Kf1 Kg6 80. Kg2 Kh6 81. Kh2 Kg7 82. Kg1 Kf7 83. Kf1 Ke7 84. Ke1 Kd6 85. Kd2 Kc5 86. Kc3 Kb5 87. Kd3 Kc5 88. Ke4 Kc4 89. Kf5 Kd4 90. Kxg5 Ke3 91. Kg4 Kd4 92. Kxf4 Kd5 93. Kg5 Ke6 94. f4 Kf7 95. Kf5 Kf8 96. Ke6 Ke8 97. f5 Kf8 98. Kf6 Ke8 99. Kg7 Ke7 100. f6+ Ke6 101. f7 Kf5 102. f8=Q+ 1-0


[Site "https://www.chess.com"]

[Event "Titled Tuesday Blitz June 20 Early 2023"]
[White "Gomez Barrera, Javiera Belen"]
[Black "Torres Dominguez, David"]
[WhiteFideId "3418723"]
[BlackFideId "2220857"]
[WhiteElo "2119"]
[BlackElo "1999"]
[Result "1-0"]
[Round "4"]
[TimeControl "180+2"]
[Date "2023.06.20"]
[WhiteClock "0:00:27"]
[BlackClock "0:00:00"]
[Board "193"]

1. e4 e5 2. Nf3 Nc6 3. Bc4 Bc5 4. c3 Nf6 5. d3 d6 6. O-O a6 7. a4 Ba7 8. Re1 h6 9. b4 O-O 10. Bb3 Ne7 11. Bc2 Ng6 12. Nbd2 Ng4 13. Re2 f5 14. h3 Nf6 15. exf5 Nf4 16. Re1 Bxf5 17. Ne4 Qd7 18. Bxf4 exf4 19. Nxf6+ Rxf6 20. d4 Raf8 21. Bxf5 Qxf5 22. Qe2 Qh5 23. Qc4+ Kh8 24. Qxc7 Bb8 25. Qxb7 Rg6 26. Kf1 Qf5 27. Qe4 Qf7 28. d5 Ba7 29. Rad1 Qc7 30. Qe7 Qb8 31. Re6 Rgf6 32. Rxf6 Rxf6 33. Re1 Kh7 34. Qe4+ Kg8 35. Qe8+ Rf8 36. Qxb8 Rxb8 37. Re7 Bb6 38. Rd7 Rd8 39. Rxd8+ Bxd8 40. Nd4 Kf7 41. Ke2 Bf6 42. Kd3 Ke7 43. Nc6+ Kd7 44. Nb8+ Kc7 45. Nxa6+ Kb6 46. b5 g5 47. Nb8 Bg7 48. Nc6 h5 49. c4 g4 50. a5+ Kb7 51. hxg4 hxg4 52. a6+ Ka8 53. b6 1-0


[Site "https://www.chess.com"]

[Event "Titled Tuesday Blitz June 20 Early 2023"]
[White "TomLiu777"]
[Black "Semenova, Alina"]
[BlackFideId "24113875"]
[WhiteElo "2441"]
[BlackElo "1833"]
[Result "0-1"]
[Round "4"]
[TimeControl "180+2"]
[Date "2023.06.20"]
[WhiteClock "0:00:00"]
[BlackClock "0:00:02"]
[Board "194"]

1. d4 d6 2. Nf3 Nf6 3. b3 g6 4. Bb2 Bg7 5. g3 O-O 6. Bg2 Nc6 7. O-O Bf5 8. c4 Re8 9. Nc3 e5 10. dxe5 dxe5 11. Nd5 Nxd5 12. cxd5 Nb4 13. Nh4 Bd7 14. e4 f5 15. a3 Na6 16. b4 f4 17. Rc1 Qg5 18. Nf3 Qh5 19. gxf4 exf4 20. Bxg7 Kxg7 21. Qd4+ Kg8 22. e5 Bh3 23. Bxh3 Qxh3 24. Qe4 g5 25. Nxg5 Qg4+ 26. Qg2 Qxg2+ 27. Kxg2 Rxe5 28. Nf3 Rxd5 29. Kh3 Kf7 30. Kg4 Rf8 31. Rfe1 c5 32. Ng5+ Kg6 33. Ne6 Rf6 34. Nxf4+ Rxf4+ 35. Kxf4 cxb4 36. axb4 Nxb4 37. Re6+ Kf7 38. Re3 Nd3+ 39. Ke4 Nxc1 40. Kxd5 b5 41. Ra3 a6 42. Rxa6 Nd3 43. Ra7+ Kg6 44. f3 Ne1 45. f4 Nd3 46. Ke4 Nc5+ 47. Kd4 Ne6+ 48. Ke5 Ng7 0-1


[Site "https://www.chess.com"]

[Event "Titled Tuesday Blitz June 20 Early 2023"]
[White "Aung Thant Zin"]
[Black "Grossboss19"]
[WhiteFideId "13000063"]
[WhiteElo "2278"]
[BlackElo "2440"]
[Result "0-1"]
[Round "4"]
[TimeControl "180+2"]
[Date "2023.06.20"]
[WhiteClock "0:00:00"]
[BlackClock "0:00:23"]
[Board "195"]

1. e4 c6 2. d4 d5 3. Nc3 dxe4 4. Nxe4 Nd7 5. Nf3 Ngf6 6. Bd3 Nxe4 7. Bxe4 Nf6 8. Bd3 Bg4 9. Be3 e6 10. Qe2 Nd5 11. Bd2 Bd6 12. O-O-O Nf4 13. Bxf4 Bxf4+ 14. Kb1 Qd5 15. Be4 Qa5 16. h3 Bh5 17. g4 Bg6 18. h4 O-O-O 19. h5 Bxe4 20. Qxe4 Bc7 21. Rd3 Qd5 22. Qe2 h6 23. Rhd1 Rhe8 24. Qd2 Qe4 25. g5 Bf4 26. Qa5 Kb8 27. gxh6 Rd5 28. Qa4 gxh6 29. Rb3 Rxh5 30. a3 Ka8 31. Qb4 Rb5 32. Qa4 Rxb3 33. Qxb3 h5 34. Rd3 h4 35. Nxh4 Qh1+ 36. Ka2 Qxh4 37. Rh3 Qf6 38. Rf3 Qg5 39. Qa4 Qd5+ 0-1


[Site "https://www.chess.com"]

[Event "Titled Tuesday Blitz June 20 Early 2023"]
[White "Sanchez, Robert"]
[Black "Prydun, Andriy"]
[WhiteFideId "2034360"]
[BlackFideId "14145898"]
[WhiteElo "2002"]
[BlackElo "2164"]
[Result "0-1"]
[Round "4"]
[TimeControl "180+2"]
[Date "2023.06.20"]
[WhiteClock "0:00:30"]
[BlackClock "0:00:21"]
[Board "196"]

1. e4 c5 2. Nf3 d6 3. d4 cxd4 4. Nxd4 Nf6 5. Nc3 g6 6. Be3 Bg7 7. f3 O-O 8. Qd2 Nc6 9. Bc4 Bd7 10. O-O-O Qa5 11. Nb3 Qc7 12. Bd3 Ne5 13. h4 Rfc8 14. h5 Nxh5 15. Nd5 Qd8 16. Bh6 Bh8 17. g4 Nf6 18. Nxf6+ Bxf6 19. Qh2 Nxf3 20. Qh3 Ng5 21. Bxg5 Bxg5+ 22. Kb1 h6 23. Nd4 Qb6 24. Nf3 Bf6 25. e5 dxe5 26. Be4 Bc6 27. Nd2 Bg5 28. Nf3 Bxe4 29. Nxg5 Bxc2+ 30. Ka1 Bxd1 31. Rxd1 hxg5 32. Rh1 Qf6 0-1


[Site "https://www.chess.com"]

[Event "Titled Tuesday Blitz June 20 Early 2023"]
[White "Begunov, Konstantin"]
[Black "Castillo Pena, Patricia Evarista"]
[WhiteFideId "4118510"]
[BlackFideId "6412106"]
[WhiteElo "1993"]
[BlackElo "1859"]
[Result "1-0"]
[Round "4"]
[TimeControl "180+2"]
[Date "2023.06.20"]
[WhiteClock "0:00:23"]
[BlackClock "0:00:00"]
[Board "197"]

1. d4 d5 2. c4 c6 3. Nc3 Nf6 4. Nf3 e6 5. cxd5 exd5 6. Bg5 Be7 7. Qc2 h6 8. Bh4 Nbd7 9. e3 O-O 10. Bd3 Re8 11. O-O b6 12. a3 Bb7 13. b4 a6 14. Rfe1 c5 15. bxc5 bxc5 16. Rab1 Qc8 17. dxc5 Nxc5 18. Bf5 Qd8 19. Na4 Nxa4 20. Rxb7 Nc5 21. Rbb1 Nce4 22. Nd4 Qa5 23. a4 Nd6 24. Nc6 Qc7 25. Nxe7+ Qxe7 26. Bd3 Rec8 27. Qe2 Nc4 28. Rec1 Qd6 29. Bxc4 dxc4 30. Rxc4 Rxc4 31. Qxc4 Rd8 32. h3 1-0


[Site "https://www.chess.com"]

[Event "Titled Tuesday Blitz June 20 Early 2023"]
[White "Gyulamiryan-koryun"]
[Black "Matveeva, Olga"]
[BlackFideId "24107018"]
[WhiteElo "1717"]
[BlackElo "2009"]
[Result "1/2-1/2"]
[Round "4"]
[TimeControl "180+2"]
[Date "2023.06.20"]
[WhiteClock "0:00:17"]
[BlackClock "0:00:07"]
[Board "198"]

1. d4 Nf6 2. c4 e6 3. Nf3 Bb4+ 4. Bd2 Qe7 5. g3 O-O 6. Bg2 Nc6 7. O-O Bxd2 8. Nbxd2 d6 9. e4 e5 10. d5 Nb8 11. b4 a5 12. a3 Bg4 13. Qc2 Bxf3 14. Bxf3 Nbd7 15. Rfc1 b6 16. Nb3 axb4 17. axb4 g6 18. h4 h5 19. c5 bxc5 20. bxc5 dxc5 21. Rxa8 Rxa8 22. Nxc5 Ra3 23. Kg2 Ne8 24. Nxd7 Qxd7 25. Qc5 Ra2 26. Bd1 Kg7 27. Bb3 Rb2 28. Qc3 Re2 29. Qxe5+ f6 30. Qd4 Qg4 31. Bc2 Nd6 32. Bd3 Ra2 33. Rxc7+ Kh6 34. Qxf6 Rxf2+ 35. Kxf2 Nxe4+ 36. Bxe4 Qe2+ 37. Kg1 Qg2+ 38. Bxg2 1/2-1/2


[Site "https://www.chess.com"]

[Event "Titled Tuesday Blitz June 20 Early 2023"]
[White "Cheng, Xiao"]
[Black "luachess1"]
[WhiteFideId "2022915"]
[WhiteElo "2435"]
[BlackElo "1618"]
[Result "1-0"]
[Round "4"]
[TimeControl "180+2"]
[Date "2023.06.20"]
[WhiteClock "0:00:49"]
[BlackClock "0:00:05"]
[Board "199"]

1. e4 c5 2. c3 Nc6 3. d4 cxd4 4. cxd4 d5 5. exd5 Qxd5 6. Nf3 Qd8 7. Nc3 e6 8. Bd3 Nf6 9. O-O Be7 10. Bg5 O-O 11. a3 h6 12. Bh4 a6 13. Bc2 Nd5 14. Qd3 f5 15. Bxe7 Qxe7 16. Nxd5 exd5 17. Rfe1 Qd6 18. b4 b5 19. Bb3 Be6 20. Ne5 Rac8 21. Rac1 Nxe5 22. dxe5 Rxc1 23. Rxc1 Qxe5 24. h3 Qe4 25. Qd2 f4 26. Re1 Qf5 27. Rxe6 Rf6 28. Qxd5 Qb1+ 29. Re1+ 1-0


[Site "https://www.chess.com"]

[Event "Titled Tuesday Blitz June 20 Early 2023"]
[White "Csonka, Balazs"]
[Black "Sovetbekova, Nurai"]
[WhiteFideId "742910"]
[BlackFideId "13801910"]
[WhiteElo "2404"]
[BlackElo "1857"]
[Result "1-0"]
[Round "4"]
[TimeControl "180+2"]
[Date "2023.06.20"]
[WhiteClock "0:00:05"]
[BlackClock "0:00:00"]
[Board "200"]

1. e4 c5 2. Nc3 Nc6 3. Bb5 Nd4 4. Nf3 Nxb5 5. Nxb5 g6 6. d4 Bg7 7. c4 cxd4 8. Nfxd4 d6 9. O-O Nf6 10. f3 O-O 11. Be3 Bd7 12. Qd2 Rc8 13. b3 a6 14. Nc3 Qc7 15. Rac1 Rfd8 16. Nd5 Nxd5 17. exd5 Qb8 18. Bg5 Re8 19. Rfe1 Qa7 20. Rcd1 e5 21. dxe6 Bxe6 22. Be3 Qb8 23. Nxe6 Rxe6 24. Bf4 Be5 25. Bxe5 dxe5 26. Qd5 Ree8 27. Qd6 Qxd6 28. Rxd6 e4 29. Rxe4 Rxe4 30. fxe4 Re8 31. Rd4 Kg7 32. Kf2 Kf6 33. Ke3 Re7 34. Rd6+ Kg5 35. Kf3 f5 36. exf5 gxf5 37. g3 Re1 38. Rd7 Rf1+ 39. Ke3 Re1+ 40. Kf3 Rf1+ 41. Kg2 Ra1 42. h4+ Kg6 43. Rxb7 Rxa2+ 44. Kf3 Rb2 45. c5 a5 46. c6 Rc2 47. c7 Rc3+ 48. Kf4 Rc1 49. Ke5 Re1+ 50. Kd6 Rd1+ 51. Kc6 Rc1+ 52. Kd7 Kh5 53. Rb6 Rd1+ 54. Rd6 Rc1 55. Rc6 Rd1+ 56. Ke6 Re1+ 57. Kxf5 Rf1+ 58. Ke4 Re1+ 59. Kf3 Rf1+ 60. Kg2 Rf8 61. Kh3 1-0


[Site "https://www.chess.com"]

[Event "Titled Tuesday Blitz June 20 Early 2023"]
[White "MunichMouse"]
[Black "Filgueira, Hernan"]
[BlackFideId "101770"]
[WhiteElo "2297"]
[BlackElo "2363"]
[Result "0-1"]
[Round "4"]
[TimeControl "180+2"]
[Date "2023.06.20"]
[WhiteClock "0:00:07"]
[BlackClock "0:00:13"]
[Board "202"]

1. d4 Nf6 2. c4 c5 3. e3 g6 4. Nf3 Bg7 5. Nc3 cxd4 6. exd4 d5 7. Bg5 dxc4 8. Bxc4 O-O 9. O-O Nc6 10. d5 Na5 11. Be2 Qb6 12. Rb1 Bf5 13. b4 Bxb1 14. bxa5 Qxa5 15. Nxb1 Nxd5 16. Qb3 e6 17. Bd2 Qb6 18. Qxb6 Nxb6 19. Bc3 Rac8 20. Bxg7 Kxg7 21. Bd3 Nd5 22. Be4 Rfd8 23. Nbd2 b5 24. Bxd5 Rxd5 25. Rb1 Rc2 26. Ne4 b4 27. g3 a5 28. Ra1 h6 29. g4 Re2 30. Ng3 Rb2 31. Kg2 Rd3 32. a4 bxa3 33. Ne5 Rdd2 34. Ne4 Ra2 35. Rc1 Rdc2 36. Rd1 Rc7 37. Rd3 f5 38. gxf5 exf5 39. Nd6 Re7 40. Nc6 Re6 41. Nxa5 Ree2 42. Rf3 Rec2 43. Nac4 Rxf2+ 44. Rxf2 Rxf2+ 45. Kxf2 a2 46. Ne5 a1=Q 47. Ndc4 Qd4+ 48. Kf3 Kf6 49. Kg3 Qxe5+ 50. Nxe5 Kxe5 51. Kf3 g5 52. h3 h5 53. Ke3 h4 54. Kf3 Kf6 55. Ke3 Kg6 56. Kf3 Kh5 57. Ke3 g4 58. Kf2 Kg5 59. Ke3 gxh3 60. Kf3 Kf6 61. Kf2 Ke5 62. Kg1 Ke4 63. Kh2 Ke3 64. Kxh3 f4 65. Kxh4 Ke2 66. Kg4 f3 0-1


[Site "https://www.chess.com"]

[Event "Titled Tuesday Blitz June 20 Early 2023"]
[White "Matyukov, Petr"]
[Black "Kuzmin, Ilya"]
[WhiteFideId "4103688"]
[BlackFideId "4153863"]
[WhiteElo "2278"]
[BlackElo "2093"]
[Result "0-1"]
[Round "4"]
[TimeControl "180+2"]
[Date "2023.06.20"]
[WhiteClock "0:00:13"]
[BlackClock "0:01:35"]
[Board "203"]

1. d4 Nf6 2. c4 c5 3. d5 b5 4. cxb5 a6 5. bxa6 e6 6. Nc3 Nxd5 7. Nxd5 exd5 8. Qxd5 Nc6 9. Nf3 Be7 10. e4 O-O 11. Bc4 Bxa6 12. Bxa6 Qa5+ 13. Bd2 Qxa6 14. Bc3 Nb4 15. Qd2 Nd3+ 16. Kd1 Qa4+ 17. Ke2 Qxe4+ 18. Qe3 Nf4+ 19. Kf1 Qc4+ 20. Kg1 Ne2+ 21. Kf1 Nxc3+ 22. Ke1 Nd5 23. Qd2 Bf6 24. Qc3 Nxc3 25. Rc1 Qe2# 0-1


[Site "https://www.chess.com"]

[Event "Titled Tuesday Blitz June 20 Early 2023"]
[White "Carrasco Miranda, Andres"]
[Black "Xavier_mompel"]
[WhiteFideId "3405990"]
[WhiteElo "2183"]
[BlackElo "2226"]
[Result "1-0"]
[Round "4"]
[TimeControl "180+2"]
[Date "2023.06.20"]
[WhiteClock "0:00:44"]
[BlackClock "0:00:00"]
[Board "204"]

1. d4 d5 2. c4 c6 3. Nf3 Nf6 4. Qb3 dxc4 5. Qxc4 Bg4 6. Nc3 Nbd7 7. Bf4 e6 8. e3 Be7 9. Qb3 Qb6 10. Be2 O-O 11. O-O h6 12. h3 Bxf3 13. Bxf3 Nd5 14. Bg3 a5 15. e4 Qxb3 16. axb3 Nb4 17. Rfd1 Rfd8 18. Bc7 Rdc8 19. Rxa5 Rxa5 20. Bxa5 Ra8 21. Bxb4 Bxb4 22. d5 cxd5 23. exd5 Ne5 24. dxe6 Nxf3+ 25. gxf3 fxe6 26. Rd7 b6 27. Rb7 Rc8 28. Ne4 Bc5 29. b4 Bxb4 30. Rxb6 Bc5 31. Rxe6 Rb8 32. Nxc5 Rxb2 33. Re8+ Kf7 34. Re3 Rc2 35. Ne4 Rc1+ 36. Kg2 Kg6 37. Ng3 Rc2 38. f4 h5 39. h4 Rc4 40. Kf3 Kf6 41. Ra3 1-0


[Site "https://www.chess.com"]

[Event "Titled Tuesday Blitz June 20 Early 2023"]
[White "Ruge, Edison"]
[Black "Lalanne, Pablo"]
[WhiteFideId "4401000"]
[BlackFideId "112151"]
[WhiteElo "2175"]
[BlackElo "2120"]
[Result "1/2-1/2"]
[Round "4"]
[TimeControl "180+2"]
[Date "2023.06.20"]
[WhiteClock "0:00:06"]
[BlackClock "0:00:08"]
[Board "205"]

1. e4 e5 2. Nf3 Nc6 3. Bb5 a6 4. Ba4 Nf6 5. Qe2 b5 6. Bb3 Bc5 7. a4 Rb8 8. axb5 axb5 9. Nc3 b4 10. Nd5 O-O 11. d3 h6 12. h3 d6 13. Be3 Bxe3 14. fxe3 Nxd5 15. Bxd5 Ne7 16. Bb3 Kh7 17. O-O f5 18. Ng5+ Kg6 19. Ne6 Bxe6 20. Bxe6 fxe4 21. Qg4+ Kh7 22. Qxe4+ Kh8 23. Rxf8+ Qxf8 24. Rf1 Qe8 25. Rf7 c6 26. Qh4 Ng6 27. Qg4 Kh7 28. Ra7 Qf8 29. Rf7 Qe8 30. h4 Qg8 31. h5 Nf8 32. Bf5+ Kh8 33. Rc7 Nh7 34. Be6 Qf8 35. Rf7 Qg8 36. Re7 Qf8 37. Rf7 Qg8 38. Qg6 Ng5 39. Rb7 Nxe6 40. Rxb8 Qxb8 41. Qxe6 b3 42. c4 Qd8 43. d4 exd4 44. exd4 Kh7 45. Qg6+ Kh8 46. d5 cxd5 47. cxd5 Qb6+ 48. Kh2 Qc5 49. Qe8+ Kh7 50. Qe4+ Kh8 51. Qe8+ Kh7 52. Qg6+ Kh8 53. Qe8+ 1/2-1/2


[Site "https://www.chess.com"]

[Event "Titled Tuesday Blitz June 20 Early 2023"]
[White "le-castor-faineant"]
[Black "sebastianmarinp"]
[WhiteElo "2148"]
[BlackElo "2375"]
[Result "0-1"]
[Round "4"]
[TimeControl "180+2"]
[Date "2023.06.20"]
[WhiteClock "0:01:03"]
[BlackClock "0:00:13"]
[Board "206"]

1. e4 e5 2. Nf3 Nc6 3. Bb5 a6 4. Ba4 Nf6 5. Qe2 b5 6. Bb3 Bc5 7. a4 O-O 8. axb5 Nd4 9. Nxd4 exd4 10. d3 d5 11. O-O dxe4 12. dxe4 Bb7 13. bxa6 Bxe4 14. Bg5 Re8 15. Qc4 Qd6 16. Qxf7+ Kh8 17. Nd2 Bg6 18. Qc4 Ng4 19. g3 Qe5 20. Nf3 Qf5 21. Qd5 Qf8 22. h3 Be4 23. Qc4 Qxf3 0-1


[Site "https://www.chess.com"]

[Event "Titled Tuesday Blitz June 20 Early 2023"]
[White "Cardenas Carbajal, Nilson"]
[Black "Guha, Eshan"]
[WhiteFideId "8401128"]
[BlackFideId "30958628"]
[WhiteElo "1972"]
[BlackElo "2371"]
[Result "0-1"]
[Round "4"]
[TimeControl "180+2"]
[Date "2023.06.20"]
[WhiteClock "0:00:00"]
[BlackClock "0:00:18"]
[Board "207"]

1. e4 c5 2. d4 cxd4 3. c3 dxc3 4. Nxc3 Nc6 5. Nf3 d6 6. Bc4 e6 7. O-O Nf6 8. Qe2 Be7 9. Rd1 e5 10. Be3 O-O 11. Rac1 Be6 12. Bb5 Bd7 13. Bxc6 bxc6 14. Bg5 Bg4 15. Qe3 Bxf3 16. Qxf3 h6 17. Be3 Qb8 18. b3 Qb7 19. Ne2 Kh7 20. Ng3 g6 21. h4 h5 22. Bg5 Ng4 23. Nxh5 gxh5 24. Qf5+ Kg7 25. Rd3 Rh8 26. Rg3 Bxg5 27. Qxg5+ Kf8 28. f3 Qb6+ 29. Kh1 Qf2 30. Rxg4 hxg4 31. Qxg4 Rxh4+ 0-1


[Site "https://www.chess.com"]

[Event "Titled Tuesday Blitz June 20 Early 2023"]
[White "Ziegler, Ari"]
[Black "Butti, Enrique"]
[WhiteFideId "1700987"]
[BlackFideId "3700470"]
[WhiteElo "2288"]
[BlackElo "2080"]
[Result "1-0"]
[Round "4"]
[TimeControl "180+2"]
[Date "2023.06.20"]
[WhiteClock "0:00:24"]
[BlackClock "0:00:09"]
[Board "208"]

1. e4 c5 2. Nf3 d6 3. d4 cxd4 4. Nxd4 Nf6 5. Nc3 a6 6. f3 Nc6 7. Nb3 e5 8. Bg5 Be7 9. Bc4 Be6 10. Bxf6 Bxf6 11. Bd5 Qb6 12. Qd2 Nb4 13. Bxe6 fxe6 14. O-O-O O-O-O 15. Kb1 Kb8 16. a3 Nc6 17. h4 Nd4 18. Nxd4 Qxd4 19. Qxd4 exd4 20. Ne2 e5 21. Nc1 d5 22. exd5 Rxd5 23. c3 Rhd8 24. cxd4 exd4 25. Nd3 R5d7 26. Rde1 Rc8 27. g4 Rdc7 28. Re2 Rc6 29. g5 Bd8 30. f4 g6 31. Rc1 Rxc1+ 32. Nxc1 Bc7 33. Nd3 Rf8 34. Re4 Bb6 35. Kc2 Rf7 36. Ne5 Rc7+ 37. Kd3 Rc1 38. h5 gxh5 39. f5 Rf1 40. f6 Bc5 41. Nd7+ Kc7 42. Nxc5 1-0


[Site "https://www.chess.com"]